 Dungeon Crawl Stone Soup version 0.21-a0-442-g848f44b (webtiles) character file.

2555 theanonym the Cleaver (level 9, -8/80 HPs)
             Began as a Minotaur Chaos Knight on Nov 16, 2017.
             Killed from afar by a ynoxinul (19 damage)
             ... with an iron shot
             ... summoned by Xom
             ... on level 7 of the Dungeon.
             The game lasted 00:09:22 (5748 turns).

theanonym the Cleaver (Minotaur Chaos Knight)       Turns: 5748, Time: 00:09:23

Health: -8/80      AC: 14    Str: 19    XL:     9   Next: 31%
Magic:  7/7        EV:  7    Int: 11    God:    Xom [......]
Gold:   341        SH:  0    Dex: 13    Spells: 6/8 levels left

rFire    . . .     SeeInvis .   a - +0 hand axe (chaos)
rCold    . . .     Gourm    .   (no shield)
rNeg     . . .     Faith    .   y - +2 chain mail {MR+}
rPois    .         Spirit   .   (helmet restricted)
rElec    .         Reflect  .   (no cloak)
rCorr    .         Harm     .   (no gloves)
MR       +....                  l - +1 pair of boots
Stlth    ..........             (no amulet)
HPRegen  0.23/turn              d - ring of flight {+Fly}
MPRegen  0.10/turn              (no ring)

@: confused, about to teleport
A: retaliatory headbutt, horns 2, yellow scales 1, agile 1, clever 1, low mp 1,
screaming 1, MP-powered wands
a: Renounce Religion, Evoke Flight


Innate Abilities, Weirdness & Mutations

You reflexively headbutt those who attack you in melee.
You have a pair of horns on your head.
You are partially covered in yellow scales. (AC +2)
You are agile. (Dex +2)
Your mind is acute. (Int +2)
Your magical capacity is low. (-10% MP)
You occasionally shout uncontrollably at your foes.
You expend magic power (3 MP) to strengthen your wands.


   Skills:
 + Level 7.6 Fighting
 + Level 13.4 Axes
 - Level 2.4 Armour
 - Level 1.1 Dodging


You had 6 spell levels left.
You knew the following spells:

 Your Spells              Type           Power        Failure   Level  Hunger
s - Swiftness             Chrm/Air       #.......     100%        2    ###....

Skill      XL: |  1  2  3  4  5  6  7  8  9 |
---------------+----------------------------+-----
Axes           | 4 5 6 7 8 9 11 13 | 13.4
Fighting       | 6 7 |  7.6
Armour         | |  2.4
Dodging        | |  1.1

Action                   |  1- 3 |  4- 6 |  7- 9 || total
-------------------------+-------+-------+-------++-------
Melee: Hand axe          |    75 |   143 |   193 ||   411
       Headbutt          |     9 |    27 |    42 ||    78
Throw: Javelin           |       |       |     1 ||     1
Evoke: Wand              |       |       |     2 ||     2
  Use: Scroll            |       |     3 |     3 ||     6
       Potion            |       |     2 |     5 ||     7
 Stab: Paralysed         |       |     1 |     5 ||     6
  Eat: Chunk             |     1 |     5 |     5 ||    11
       Bread ration      |       |       |     1 ||     1
Armor: Leather armour    |    32 |    22 |     3 ||    57
       Ring mail         |       |    28 |       ||    28
       Chain mail        |       |       |    94 ||    94
Dodge: Dodged            |    50 |    80 |    48 ||   178

Inventory:

Hand Weapons
 a - a +0 hand axe of chaos (weapon)
Missiles
 s - 7 javelins (quivered)
 B - 4 tomahawks
Armour
 l - a +1 pair of boots (worn)
   (You found it on level 2 of the Dungeon)
 y - a +2 chain mail of magic resistance (worn)
   (You took it off Ijyb on level 4 of the Dungeon)
 z - a cursed -1 cloak
   (You found it on level 6 of the Dungeon)
Jewellery
 d - a ring of flight (left hand) {+Fly}
   (You found it on level 5 of the Dungeon)
 i - a cursed amulet of inaccuracy {unknown}
   (You found it on level 5 of the Dungeon)
Wands
 f - a wand of random effects (29/48)
   (You found it on level 4 of the Dungeon)
 h - a wand of random effects (25/48) {god gift}
   (Xom gifted it to you on level 1 of the Dungeon)
 p - a wand of flame (11/48)
   (You found it on level 5 of the Dungeon)
 v - a wand of random effects (12/48)
   (You took it off Ijyb on level 4 of the Dungeon)
 w - a wand of flame (32/48)
   (You took it off Sigmund on level 6 of the Dungeon)
Scrolls
 k - 4 scrolls of remove curse
 n - a scroll of enchant armour
 o - a scroll of recharging {unknown}
 q - 2 scrolls of amnesia
 r - a scroll of identify
 t - 2 scrolls of teleportation {!r}
 u - a scroll of fog {unknown}
 x - 2 scrolls of enchant weapon {unknown}
 D - a scroll of random uselessness {unknown}
Potions
 e - a potion of flight
 g - a potion of mutation
 m - a potion of brilliance
Comestibles
 c - 3 bread rations
 j - 3 royal jellies
 C - 3 chunks of flesh

Dungeon Overview and Level Annotations

Branches:
Dungeon (7/15)
 Temple: D:4-7

Altars:
Fedhas
Gozag

Annotations:
D:5 exclusion: oklob plant


You were on level 7 of the Dungeon.
You worshipped Xom.
You were a very special plaything of Xom.
You were not hungry.

You visited 1 branch of the dungeon, and saw 7 of its levels.

You collected 341 gold pieces.


Message History

You are too injured to fight recklessly!
You are too injured to fight recklessly!
You are too injured to fight recklessly!
You are too injured to fight recklessly!
You hit Joseph.
Space bends around Joseph.
Your headbutt misses Joseph. You closely miss the shadow imp.
You hit the ufetubus but do no damage.
The ufetubus is poisoned.
You hit the neqoxec. You freeze the neqoxec.
The ufetubus hits you but does no damage.
The ufetubus hits you. Joseph hits you but does no damage.
You take 2 damage, and have 48/79 hp.
You barely miss Joseph. You closely miss the shadow imp. You hit the ufetubus.
The ufetubus seems to speed up.
Your chain mail prevents you from hitting the neqoxec.
The ufetubus hits you.
The ufetubus hits you but does no damage.
The neqoxec hits you but does no damage.
The shadow imp barely misses you. The ufetubus barely misses you.
The ufetubus hits you but does no damage.
You take 4 damage, and have 44/79 hp.
You hit Joseph but do no damage.
Joseph suddenly stops moving!
You barely miss the shadow imp.
Your chain mail prevents you from hitting the ufetubus.
You hit the neqoxec. You barely miss the ynoxinul. The ufetubus hits you.
The ufetubus hits you but does no damage.
The ynoxinul gestures at you. The iron shot hits you!
* * * LOW HITPOINT WARNING * * *
The neqoxec hits you but does no damage.
The shadow imp hits you.
* * * LOW HITPOINT WARNING * * *
You take 21 damage, and have 23/79 hp.
MASSIVE DAMAGE!!
The helpless Joseph fails to defend himself.
You slash Joseph!
The light around Joseph dims momentarily.
You hit the shadow imp.
The shadow imp convulses.
You hit the ufetubus but do no damage. You hit the neqoxec.
The neqoxec's magic leaks into the air.
You hit the ynoxinul. The ufetubus hits you.
* * * LOW HITPOINT WARNING * * *
The ufetubus barely misses you.
You take 3 damage, and have 20/79 hp.
The helpless Joseph fails to defend himself.
You hit Joseph. You freeze Joseph.
You kill Joseph!
You hit the ynoxinul but do no damage. You hit the neqoxec but do no damage.
The neqoxec is poisoned.
You hit the ufetubus. You burn the ufetubus.
You kill the ufetubus!
You hit the shadow imp.
You kill the shadow imp!
The ynoxinul hits you but does no damage.
The neqoxec hits you but does no damage.
As you read the scroll labeled SAREFIN PIGHIU, it crumbles to dust.
You feel strangely unstable.
It was a scroll of teleportation.
t - 2 scrolls of teleportation;
B - 4 tomahawks The ufetubus hits you but does no damage.
The ufetubus hits you.
* * * LOW HITPOINT WARNING * * *
The neqoxec gestures at you.
Strange energies course through your body.
You feel less energetic. The ynoxinul barely misses you.
You furiously retaliate!
You headbutt the ynoxinul, but do no damage.
The ufetubus barely misses you.
The ufetubus hits you but does no damage.
You take 4 damage, and have 16/80 hp.
You now have 7/7 mp.
It was a potion of curing.
You feel better.
The ufetubus hits you but does no damage.
The ufetubus barely misses you.
The ufetubus hits you but does no damage. x2
The neqoxec gestures at you.
Strange energies course through your body.
You feel the urge to shout. The ynoxinul gestures at you.
The iron shot hits you!
* * * LOW HITPOINT WARNING * * *
You take 12 damage, and have 4/80 hp.
It was a potion of ambrosia.
You are confused.
You feel invigorated.
Xom thinks this is hilarious!
The ufetubus hits you but does no damage.
The ufetubus closely misses you.
The ufetubus hits you but does no damage.
The ufetubus barely misses you.
The ynoxinul hits you but does no damage.
The neqoxec hits you but does no damage.
The ufetubus completely misses you. The ufetubus barely misses you. x3
You regained 4 hp, and now have 8/80 hp.
Unknown command.
Unknown command.
Unknown command.
Okay, then.
You're too confused!
You slash the neqoxec!
Wisps of smoke drift from your hand axe of chaos.
Your headbutt misses the neqoxec. You closely miss the ufetubus. x2
You hit the ynoxinul.
The ynoxinul seems to speed up.
The ynoxinul gestures at you. The iron shot hits you!
You die...

#.#.#.#.# #....
#.#.#.#.# #....
#.#.#.#.# #....
#######.#.#.#.#
#....
#.....#.#.#.#.#
..... #......
#.# # . ......
#...... #.# .
.......
#.....3##(#
........
#.....5@3.#
.........
#....)5..##
#..[......#
............
.............
...............
...............
..........#####


You could see a neqoxec, a ynoxinul and 2 ufetubi.

Notes
Turn   | Place    | Note
-------+----------+-------------------------------------------
     0 | D:1      | theanonym the Minotaur Chaos Knight began the quest for the Orb.
     0 | D:1      | Reached XP level 1. HP: 19/19 MP: 0/0
    44 | D:1      | Reached skill level 4 in Axes
   115 | D:1      | Reached XP level 2. HP: 26/26 MP: 1/1
   394 | D:1      | XOM: cloud trail
   398 | D:1      | XOM: give mutation
   398 | D:1      | Gained mutation: Your mind is acute. (Int +2) [Xom's mischief]
   621 | D:1      | XOM: harmless Summ miscast
   693 | D:1      | XOM: god gift: gold wand {god gift}
   769 | D:2      | Reached skill level 5 in Axes
   805 | D:2      | Reached XP level 3. HP: 30/31 MP: 2/2
   860 | D:2      | XOM: summons 4 hostile shadow creatures
  1049 | D:2      | HP: 15/31 [poisoned by an adder]
  1054 | D:2      | HP: 12/31 [poisoned by an adder]
  1061 | D:2      | HP: 10/31 [poisoned by an adder]
  1068 | D:2      | HP: 9/31 [poisoned by an adder]
  1076 | D:2      | HP: 7/31 [poisoned by an adder]
  1232 | D:2      | XOM: divination: magic mapping
  1313 | D:2      | XOM: cast spell 'Summon Small Mammal'
  1317 | D:2      | Reached skill level 6 in Axes
  1317 | D:2      | Reached XP level 4. HP: 33/39 MP: 3/3
  1611 | D:2      | XOM: divination: detect creatures
  1981 | D:3      | Noticed an ogre
  1982 | D:3      | XOM: potion effect (agility)
  1983 | D:3      | XOM: harmless Ice miscast
  1987 | D:3      | Killed an ogre
  1987 | D:3      | Reached skill level 7 in Axes
  1987 | D:3      | Reached XP level 5. HP: 44/45 MP: 4/4
  2226 | D:3      | Reached skill level 8 in Axes
  2366 | D:3      | Reached XP level 6. HP: 49/51 MP: 5/5
  2462 | D:4      | Noticed Ijyb
  2465 | D:4      | XOM: divination: detect creatures
  2477 | D:4      | Killed Ijyb
  2514 | D:4      | Noticed Soeti's ghost (amateur DEFE)
  2516 | D:4      | XOM: cast spell 'Olgreb's Toxic Radiance'
  2530 | D:4      | HP: 24/51 [Soeti's ghost/flame tongue (21)]
  2532 | D:4      | Killed Soeti's ghost
  2532 | D:4      | Reached skill level 9 in Axes
  2783 | D:4      | XOM: harmless Summ miscast
  2806 | D:4      | Lost mutation: Your mind is acute. (Int +2) [potion of mutation]
  2806 | D:4      | Gained mutation: You are agile. (Dex +2) [potion of mutation]
  2806 | D:4      | Gained mutation: You are partially covered in yellow scales. (AC +2) [potion of mutation]
  2806 | D:4      | Gained mutation: You expend magic power (3 MP) to strengthen your wands. [potion of mutation]
  2806 | D:4      | Gained mutation: Your mind is acute. (Int +2) [potion of mutation]
  2806 | D:4      | XOM: confuse monster(s)
  2813 | D:4      | HP: 24/51 [scorpion (6)]
  2817 | D:4      | Reached XP level 7. HP: 24/57 MP: 6/6
  2818 | D:4      | HP: 24/57 [poisoned by a scorpion]
  2823 | D:4      | HP: 22/57 [poisoned by a scorpion]
  2828 | D:4      | HP: 21/57 [poisoned by a scorpion]
  2835 | D:4      | HP: 20/57 [poisoned by a scorpion]
  2843 | D:4      | HP: 20/57 [poisoned by a scorpion]
  3039 | D:4      | XOM: god gift: scroll labeled JYXKIG KAFEVIMYNI {god gift}
  3073 | D:4      | XOM: confuse monster(s)
  3299 | D:5      | XOM: stealth player
  3299 | D:5      | Entered Level 5 of the Dungeon
  3322 | D:5      | Reached skill level 10 in Axes
  3324 | D:5      | Noticed Pikel
  3337 | D:5      | XOM: cleaving
  3345 | D:5      | XOM: summons 2 hostile demons
  3350 | D:5      | HP: 28/57 [Pikel/whip of flaming (2)]
  3353 | D:5      | XOM: summons 2 friendly demons
  3356 | D:5      | HP: 25/85 [something (9)]
  3357 | D:5      | Killed Pikel
  3357 | D:5      | Reached skill level 11 in Axes
  3357 | D:5      | Reached XP level 8. HP: 28/64 MP: 2/7
  3741 | D:5      | Noticed Eustachio
  3772 | D:5      | XOM: harmless Fire miscast
  3774 | D:5      | Killed Eustachio
  3774 | D:5      | Reached skill level 12 in Axes
  3778 | D:5      | HP: 32/64 [poisoned by Eustachio]
  3783 | D:5      | HP: 30/64 [poisoned by Eustachio]
  3789 | D:5      | HP: 28/64 [poisoned by Eustachio]
  3797 | D:5      | HP: 28/64 [poisoned by Eustachio]
  3805 | D:5      | HP: 27/64 [poisoned by Eustachio]
  3863 | D:5      | XOM: divination: magic mapping
  4149 | D:5      | Found a blossoming altar of Fedhas.
  4163 | D:5      | Noticed an oklob plant
  4353 | D:6      | Noticed Sigmund
  4353 | D:6      | XOM: enchant monster (good)
  4360 | D:6      | Killed Sigmund
  4360 | D:6      | Reached skill level 4 in Fighting
  4375 | D:6      | HP: 32/67 [steam dragon] (5)]
  4398 | D:6      | Reached skill level 5 in Fighting
  4523 | D:6      | XOM: divination: magic mapping
  4610 | D:6      | XOM: 2-stop teleportation journey
  4706 | D:6      | Noticed a blink frog
  4706 | D:6      | an ogre changed into a blink frog
  4706 | D:6      | XOM: polymorph ogre -> blink frog
  4923 | D:6      | Learned a level 2 spell: Swiftness
  5022 | D:6      | Reached skill level 6 in Fighting
  5335 | D:6      | Reached skill level 13 in Axes
  5335 | D:6      | Reached XP level 9. HP: 71/78 MP: 8/8
  5469 | D:6      | Found an opulent altar of Gozag.
  5627 | D:7      | Reached skill level 7 in Fighting
  5704 | D:7      | XOM: summons 1 hostile shadow creature
  5732 | D:7      | Noticed Joseph
  5737 | D:7      | XOM: summons 4 hostile demons
  5742 | D:7      | HP: 27/79 [ynoxinul/iron shot[Xom] (17)]
  5744 | D:7      | Killed Joseph
  5745 | D:7      | Gained mutation: Your magical capacity is low. (-10% MP) [a neqoxec]
  5746 | D:7      | Gained mutation: You occasionally shout uncontrollably at your foes. [a neqoxec]
  5746 | D:7      | HP: 4/80 [ynoxinul/iron shot[Xom] (20)]
  5748 | D:7      | Killed from afar by a ynoxinul

Vanquished Creatures
  Pikel (D:5)
  Joseph (D:7)
  Sigmund (D:6)
  A steam dragon (D:6)
  The ghost of Soeti the Magician, an amateur DEFE of Vehumet (D:4)
  A porcupine (D:5)
  2 slaves (D:5)
  2 sky beasts (D:6)
  An ice beast (D:6)
  2 ogres
  A bullfrog (D:6)
  A water moccasin zombie (D:7)
  A scorpion (D:4)
  A water moccasin skeleton (D:6)
  A scorpion (shapeshifter) (D:6)
  2 howler monkeys (D:6)
  3 crimson imps (D:5)
  3 hounds
  Ijyb (D:4)
  2 worker ants (D:4)
  A worker ant zombie (D:6)
  6 gnolls
  12 adders
  3 oozes
  3 worms
  A dart slug (D:4)
  A leopard gecko (D:4)
  5 orcs
  9 bats
  10 giant cockroaches
  4 goblins
  6 hobgoblins
  7 jackals (D:2)
  3 quokkas
  A ball python (D:1)
  4 frilled lizards
  A giant cockroach zombie (D:6)
  7 kobolds
  A quokka skeleton (D:4)
  10 rats
124 creatures vanquished.

Vanquished Creatures (collateral kills)
  A goblin (D:3)
1 creature vanquished.

Vanquished Creatures (others)
  Eustachio (D:5)
  An ogre (D:5)
  A howler monkey skeleton (D:5)
  An adder (D:5)
  A shadow imp (D:5)
  3 fungi (D:5)
  6 plants (D:5)
  10 toadstools (D:5)
24 creatures vanquished.

Grand Total: 149 creatures vanquished
